 Dungeon Crawl Stone Soup version 0.21.1-1-g345015f (webtiles) character file.

14 Iko the Caller (level 2, 0/20 HPs)
             Began as a Ghoul Summoner on June 16, 2018.
             Slain by a hobgoblin (4 damage)
             ... on level 1 of the Dungeon on June 17, 2018.
             The game lasted 00:03:02 (218 turns).

Iko the Caller (Ghoul Summoner)                      Turns: 218, Time: 00:03:02

Health: 0/20       AC:  2    Str: 10 (11) XL:     2   Next: 41%
Magic:  2/3        EV: 12    Int:  8 (10) God:
Gold:   0          SH:  0    Dex:  9      Spells: 3/4 levels left

rFire    . . .     SeeInvis .   d - +0 short sword
rCold    + . .     Gourm    .   (no shield)
rNeg     + + +     Faith    .   a - +0 robe
rPois    ∞         Spirit   .   (no helmet)
rElec    .         Reflect  .   (no cloak)
rCorr    .         Harm     .   (no gloves)
MR       .....                  (no boots)
Stlth    ++........             (no amulet)
HPRegen  0.00/turn              (no ring)
MPRegen  0.08/turn              (no ring)

@: rotting
A: rotting body, claws 1, carnivore, cold resistance 1, negative energy
resistance 3, inhibited regeneration, torment resistance, unbreathing
a: no special abilities


You were on level 1 of the Dungeon.
You were not hungry.

You visited 1 branch of the dungeon, and saw 1 of its levels.

Inventory:

Hand Weapons
 d - a +0 short sword (weapon)
Armour
 a - a +0 robe (worn)
Books
 b - a book of Callings

   Spells                             Type                      Level
   a - Summon Small Mammal            Summoning                    1
   b - Call Imp                       Summoning                    2
   c - Call Canine Familiar           Summoning                    3
   d - Summon Guardian Golem          Hexes/Summoning              3
   e - Summon Lightning Spire         Summoning/Air                4
   f - Summon Ice Beast               Ice/Summoning                4
Comestibles
 c - a ration


   Skills:
 + Level 1.9 Dodging
 + Level 2.3 Stealth
 + Level 0.7 Unarmed Combat
 + Level 1.7 Spellcasting
 + Level 3.9 Summonings


You had 3 spell levels left.
You knew the following spells:

 Your Spells              Type           Power        Failure   Level  Hunger
a - Summon Small Mammal   Summ           #...         8%          1    ##.....


Dungeon Overview and Level Annotations

Branches:
Dungeon (1/15)

Altars:


Innate Abilities, Weirdness & Mutations

Your body is rotting away.
You thrive on raw meat.
You are immune to poison.
You have sharp fingernails.
You are carnivorous and can eat meat at any time.
Your flesh is cold resistant. (rC+)
You are immune to negative energy. (rN+++)
You do not regenerate when monsters are visible.
You are immune to unholy pain and torment.
You can survive without breathing.


Message History

Your bat hits the jackal but does no damage.
The hobgoblin closely misses you. The jackal barely misses your bat.
You barely miss the hobgoblin.
The jackal bites you but does no damage.
The jackal bites your bat.
Your bat misses the jackal. The hobgoblin closely misses you.
The jackal bites you.
* * * LOW HITPOINT WARNING * * *
The jackal barely misses your bat. The jackal misses your bat.
Your bat misses the jackal.
Your bat closely misses the jackal.
Your bat hits the jackal but does no damage.
The jackal bites you.
* * * LOW HITPOINT WARNING * * *
Your bat closely misses the jackal. x2
Your bat hits the jackal but does no damage.
The jackal bites you but does no damage.
Your bat hits the hobgoblin but does no damage.
You barely miss the hobgoblin.
Your bat hits the jackal but does no damage.
The hobgoblin barely misses you. The hobgoblin hits you.
You die...

#...# ##### #...K
... #.... #.#
#....#+##.###
##...........#
......hb.....#
......hhh....######
.##
......#g####......#
..# ....K.#@#
#......# #.# ...##
#.# #......# #.# ..
#.####......# #.# .
#...........# #.#
#.........).####.#
#...........'.....
##..........###...
#..........# #..#
#..........# #..#


You could see 4 jackals, a hobgoblin, a kobold and a friendly bat.

Vanquished Creatures
  An ooze (D:1)
  3 goblins (D:1)
  A kobold (D:1)
  2 bats (D:1)
  2 rats (D:1)
9 creatures vanquished.

Notes
Turn   | Place    | Note
-------+----------+-------------------------------------------
     0 | D:1      | Iko the Ghoul Summoner began the quest for the Orb.
     0 | D:1      | Reached XP level 1. HP: 14/14 MP: 2/2
   187 | D:1      | Reached XP level 2. HP: 14/20 MP: 1/3
   218 | D:1      | Slain by a hobgoblin

Action                   || total
-------------------------++-------
Melee: Unarmed           ||    30
       Short sword       ||    14
 Cast: Summon Small Mamm ||     3
  Use: Scroll            ||     1
       Potion            ||     1
Armor: Robe              ||    26
Dodge: Dodged            ||    50
